 Dungeon Crawl Stone Soup version 0.31.0-4-g52a2dc7128 (webtiles) character file.

Game seed: 422957105626532338

37 SnakkuSnakku7 the Trooper (level 3, -4/29 HPs)
             Began as a Merfolk Earth Elementalist on Jan 22, 2024.
             Slain by a goblin
             ... wielding a +0 club
             ... led by Robin
              (6 damage)
             ... on level 2 of the Dungeon.
             The game lasted 00:01:25 (720 turns).

SnakkuSnakku7 the Trooper (MfEE)                     Turns: 720, Time: 00:01:25

Health: -4/29      AC:  3    Str:  8    XL:     3   Next: 41%
Magic:  4/6        EV: 12    Int: 14    God:
Gold:   40         SH:  0    Dex: 16    Spells: 5/6 levels left

rFire   . . .        g - +0 dagger
rCold   . . .        (no shield)
rNeg    . . .        e - +0 leather armour
rPois   .            (no helmet)
rElec   .            (no cloak)
rCorr   .            (no gloves)
SInv    .            (no boots)
Will    .....        f - amulet of faith
Stlth   ++           (no ring)
HPRegen 0.24/turn    (no ring)
MPRegen 0.10/turn

%: faith
@: very slightly contaminated
A: (nimble swimmer 2), mertail
a: no special abilities


You were on level 2 of the Dungeon.
You visited 1 branch of the dungeon, and saw 2 of its levels.

You collected 40 gold pieces.

Inventory:

Hand Weapons
 g - a +0 dagger (weapon)
Missiles
 i - 4 poisoned darts
Armour
 a - a +0 robe
 e - a +0 leather armour (worn)
Jewellery
 f - an amulet of faith (around neck)
 j - a ring of fire
Scrolls
 d - a scroll of immolation {unknown}
 h - a scroll of identify {unknown}
 k - 2 scrolls of enchant armour {unknown}
 l - a scroll of revelation {unknown}
Potions
 b - a potion of magic
 c - a potion of brilliance {unknown}


   Skills:
 + Level 3.2 Fighting
 - Level 2.6 Dodging
 - Level 2.1 Stealth
 - Level 2.0 Spellcasting
 - Level 0.7 Conjurations
 - Level 2.4 Earth Magic


You had 5 spell levels left.
You knew the following spells:

 Your Spells              Type           Power      Damage    Failure   Level
a - Sandblast             Erth           16%        2d6       13%         1

Your spell library contained the following spells:

 Spells                   Type           Power      Damage    Failure   Level
 Passwall                 Erth           8%         N/A       36%         3
 Stone Arrow              Conj/Erth      10%        3d7       50%         3
 Brom's Barrelling Bould  Conj/Erth      5%         2d3       88%         4
 Petrify                  Alch/Erth      4%         N/A       91%         4


Dungeon Overview and Level Annotations

Branches:
Dungeon (2/15)

Altars:

Annotations:
D:2 Robin, Terence


Innate Abilities, Weirdness & Mutations

((You are very nimble when in or above water. (Stealth+, EV+, Speed+++)))
Your lower body shifts to a powerful aquatic tail in water.


Message History

The goblin hits you with a +0 club.
You hit the goblin but do no damage.
The goblin is heavily wounded.
The goblin hits you with a +0 club.
You hit the goblin.
The goblin is severely wounded.
The goblin closely misses you. Robin throws the goblin at you!
You closely miss the goblin.
The goblin is severely wounded.
The goblin hits you with a +0 club. The goblin hits you but does no damage.
Robin roars a battlecry!
You hear a shout!
You barely miss the goblin. The goblin hits you with a +0 club.
* * * LOW HITPOINT WARNING * * *
The goblin hits you but does no damage.
Aiming: Sandblast (safe; 13% risk of failure)
Press: ? - help, Q - select action, (/) - cycle Shift-Dir - straight line, f - goblin
Aim: a goblin, wielding a +0 club (strong, 76% to hit)
You miscast Sandblast.
You are very lightly contaminated with residual magic.
Nothing appears to happen.
The goblin shouts!
The goblin hits you with a +0 club.
* * * LOW HITPOINT WARNING * * *
The goblin hits you with a +0 club.
* * * LOW HITPOINT WARNING * * *
Aiming: Sandblast (safe; 13% risk of failure)
Press: ? - help, Q - select action, (/) - cycle Shift-Dir - straight line, f/p - goblin
Aim: a goblin, wielding a +0 club (strong, 76% to hit)
The blast of sand hits the goblin!
You kill the goblin!
A goblin comes into view. It is wielding a +0 club.
The goblin hits you but does no damage.
Robin laughs in a distinctly smug fashion.
The goblin misses you. Robin throws the goblin at you!
* * * LOW HITPOINT WARNING * * *
You closely miss the goblin.
The goblin is severely wounded.
The goblin hits you with a +0 club.
You die...

#.........#
####....<.# #......#
#......# #......#
######.## #..# ##g#
#@# #)# #g##
#####..#######
##....g.#.....##
##....gg........##
#................#
#................#
###.g..............#


You could see Robin, a hobgoblin (strong) and 3 goblins.

Vanquished Creatures
  2 adders (D:2)
  3 ball pythons (D:1)
  An endoplasm (D:2)
  4 goblins
  3 hobgoblins (D:1)
  A kobold (D:1)
  3 bats (D:2)
  A frilled lizard (D:1)
18 creatures vanquished.

Vanquished Creatures (others)
  A hobgoblin (D:2)
1 creature vanquished.

Grand Total: 19 creatures vanquished

Notes
Turn   | Place    | Note
-------+----------+-------------------------------------------
     0 | D:1      | SnakkuSnakku7 the Merfolk Earth Elementalist began the
                  | quest for the Orb.
     0 | D:1      | Reached XP level 1. HP: 13/13 MP: 3/3
    77 | D:1      | Reached skill level 1 in Fighting
   150 | D:1      | Reached XP level 2. HP: 14/22 MP: 0/5
   269 | D:1      | Reached skill level 2 in Fighting
   455 | D:2      | Noticed Terence
   541 | D:2      | Reached XP level 3. HP: 28/28 MP: 1/6
   605 | D:2      | Reached skill level 3 in Fighting
   675 | D:2      | Noticed Robin
   720 | D:2      | Slain by a goblin

Illustrated notes

Levels and vault maps discovered:
D:1:      minmay_arrival_radiant_lines, layout_rooms
D:2:      layout_rooms, hangedman_decor_lopped, uniq_robin, uniq_terence

Skill      XL: |  1  2  3 |
---------------+----------+-----
Fighting       | 1 2 3 |  3.2
Dodging        | |  2.6
Stealth        | |  2.1
Spellcasting   | |  2.0
Conjurations   | |  0.7
Earth Magic    | |  2.4

Action                     || total
---------------------------++-------
  Melee: Unarmed           ||    21
         Punch             ||     1
         Dagger            ||    38
   Cast: Sandblast         ||    14
   Stab: Sleeping          ||     2
 Armour: Leather armour    ||    43
         Robe              ||     2
  Dodge: Dodged            ||    52
